 Dungeon Crawl Stone Soup version 0.26-a0-950-g52035dc9a5 (console) character file.

Game seed: 5475715203011601397

4772 Gather the Destroyer (level 10, -8/56 HPs)
             Began as a Kobold Conjurer on Nov 29, 2020.
             Was an Elder of Nemelex Xobeh.
             Killed from afar by Maggie (30 damage)
             ... with a bolt of fire
             ... on level 9 of the Dungeon.
             The game lasted 00:53:00 (12502 turns).

Gather the Destroyer (Kobold Conjurer)             Turns: 12502, Time: 00:53:01

Health: -8/56      AC: 11    Str:  6    XL:     10   Next: 75%
Magic:  7/14       EV: 15    Int: 22    God:    Nemelex Xobeh [****..]
Gold:   424        SH:  0    Dex: 17    Spells: 3/13 levels left

rFire    . . .     SeeInvis .   b - +3 dagger (venom)
rCold    . . .     Faith    .   (shield restricted)
rNeg     . . .     Spirit   .   z - +2 robe of Xisouf {Dex+4}
rPois    .         Reflect  .   (no helmet)
rElec    .         Harm     .   I - +2 cloak
rCorr    .         Rampage  .   (no gloves)
MR       .....                  (no boots)
Stlth    ++++......             x - amulet of magic regeneration
HPRegen  0.18/turn              t - +4 ring of protection
MPRegen  0.39/turn              (no ring)

@: mesmerised, drained
A: small, nightstalker 3
a: Draw Escape, Draw Destruction, Draw Summoning, Triple Draw, Deal Four,
Renounce Religion


You were on level 9 of the Dungeon.
You worshipped Nemelex Xobeh.
Nemelex Xobeh was greatly pleased with you.
You visited 1 branch of the dungeon, and saw 9 of its levels.

You collected 424 gold pieces.

Inventory:

Hand Weapons
 a - a +3 dagger of protection
 b - a +3 dagger of venom (weapon)
 r - a +0 rapier
 G - a +2 dagger of freezing
Missiles
 m - 270 stones
 w - 3 throwing nets
 B - 34 poisoned darts (quivered)
Armour
 j - a +1 robe
 z - the +2 robe of Xisouf (worn) {Dex+4}
   (You found it on level 5 of the Dungeon)

   It affects your dexterity (+4).
 C - a +2 robe of cold resistance
 H - a +1 robe of cold resistance
 I - a +2 cloak (worn)
Magical Staves
 g - an uncursed staff of conjuration {unknown}
 y - an uncursed staff of cold
Jewellery
 t - a +4 ring of protection (left hand)
 x - an amulet of magic regeneration (around neck)
Wands
 f - a wand of polymorph (12)
 h - a wand of flame (20)
Scrolls
 d - 5 scrolls of teleportation
 e - a scroll of fog
 D - 2 scrolls of magic mapping
 F - a scroll of amnesia
Potions
 c - 2 potions of flight
 i - 4 potions of curing
 k - 2 potions of brilliance
 n - 2 potions of mutation {unknown}
 o - a potion of attraction {unknown}
 p - a potion of invisibility
 q - a potion of berserk rage {unknown}
 s - a potion of resistance {unknown}
 u - a potion of heal wounds {unknown}
 v - 2 potions of haste {unknown}
 A - 2 potions of magic {unknown}


   Skills:
 - Level 3.5(2.9) Fighting
 - Level 5.7(5.1) Short Blades
 - Level 2.4(1.8) Dodging
 - Level 6.5(5.8) Stealth
 - Level 2.1(1.6) Spellcasting
 + Level 9.5(8.9) Conjurations
 + Level 8.3(7.7) Hexes
 - Level 6.0(5.4) Invocations


You had 3 spell levels left.
You knew the following spells:

 Your Spells              Type           Power        Failure   Level
a - Searing Ray           Conj           #####.       1%          2
b - Magic Dart            Conj           ####         1%          1
d - Dazzling Flash        Conj/Hex       #####.       1%          3
f - Fulminant Prism       Conj/Hex       #####.....   4%          4

Your spell library contained the following spells:

 Spells                   Type           Power        Failure   Level
 Iskenderun's Mystic Bla  Conj/Tloc      ###.....     22%         4


Dungeon Overview and Level Annotations

Branches:
Dungeon (9/15)             Temple (0/1) D:5
   Lair: D:8-11         Orc: D:9-12

Altars:
Cheibriados
Dithmenos
Elyvilon
Fedhas
Makhleb
Nemelex Xobeh
Vehumet
Wu Jian
Xom
Yredelemnul
Zin
The Shining One

Shops:
D:5 (

Annotations:
D:9 Maggie


Innate Abilities, Weirdness & Mutations

You are small and have problems with some larger weapons.
You are completely attuned to the shadows.


Message History

Maggie is heavily wounded.
You hit Maggie.
Maggie looks as sick as possible!
Maggie is heavily wounded.
Maggie gives herself a magical halo, but it quickly sputters out.
Maggie gestures at you while chanting. The bolt of fire hits you!!
You hit Maggie.
Maggie looks as sick as possible!
Maggie is severely wounded.
Maggie gestures wildly while chanting.
Maggie attempts to bespell you!
You are mesmerised by Maggie!
You hit Maggie but do no damage.
Maggie looks as sick as possible!
Maggie is severely wounded.
You hit Maggie.
Maggie looks as sick as possible!
Maggie is severely wounded.
Maggie gestures at you while chanting. The bolt of fire hits you!!
Ouch! That really hurt!
You die...
Your body disappears without a glow.

..#.......##..#..............#
..#.......#...'..............#
..#.......'...#..........#####
..#.......#...#..........#
#'###....##...#....#######
..(.#....#....#....#
....#....#....#....#
....#....#....#....#
....#....#....+....#
....#....#....#....#
#####....#+##'#@@.<#
................####
................#
................#
................#
................#
####'#####........
.........#........
.........#....... #+##..###
#.>#


You could see Maggie (mesmerising, extremely poisoned).

Vanquished Creatures
  A two-headed ogre (D:8)
  Maurice (D:9)
  Prince Ribbit (D:8)
  4 yaks (D:8)
  A sky beast (D:5)
  A black bear (D:8)
  4 ogres
  3 orc warriors
  A phantom (D:4)
  2 centaurs
  A big kobold (D:8)
  4 bullfrogs
  2 scorpions
  2 howler monkeys
  2 bullfrog zombies
  2 centaur zombies
  5 hounds
  5 jellies
  7 orc priests
  A gnoll shaman (D:6)
  2 centaur skeletons
  5 iguanas
  4 worker ants
  8 orc wizards
  2 hound skeletons
  8 gnolls
  A howler monkey skeleton (D:4)
  8 adders
  2 shadow imps
  A white imp (D:7)
  An ufetubus (D:5)
  2 adder skeletons
  4 worms
  2 dart slugs
  2 leopard geckos
  14 orcs
  3 ball pythons
  11 bats
  7 giant cockroaches
  4 goblins
  7 hobgoblins
  12 jackals
  13 kobolds
  9 quokkas
  5 frilled lizards
  A leopard gecko zombie (D:8)
  2 quokka skeletons
  11 rats
201 creatures vanquished.

Vanquished Creatures (others)
  5 fulminant prisms
  97 plants
102 creatures vanquished.

Grand Total: 303 creatures vanquished

Notes
Turn   | Place    | Note
-------+----------+-------------------------------------------
     0 | D:1      | Gather the Kobold Conjurer began the quest for the Orb.
     0 | D:1      | Reached XP level 1. HP: 10/10 MP: 3/3
   223 | D:1      | Reached XP level 2. HP: 14/15 MP: 3/5
   226 | D:1      | Learned a level 2 spell: Searing Ray
   521 | D:1      | Reached skill level 1 in Short Blades
   785 | D:1      | Reached XP level 3. HP: 19/19 MP: 6/6
  1400 | D:2      | Reached XP level 4. HP: 16/24 MP: 2/7
  1416 | D:2      | Learned a level 3 spell: Dazzling Flash
  1503 | D:2      | Found a burning altar of Makhleb.
  1892 | D:2      | Found a burning altar of Makhleb.
  2023 | D:2      | Reached skill level 1 in Hexes
  2207 | D:2      | Reached XP level 5. HP: 28/28 MP: 8/8
  2381 | D:2      | Found a sparkling altar of Nemelex Xobeh.
  2386 | D:2      | Became a worshipper of Nemelex Xobeh the Trickster
  3298 | D:4      | You fall into a shaft and drop 3 floors!
  3357 | D:7      | Reached * piety under Nemelex Xobeh
  3659 | D:6      | Lost strength.
  3701 | D:6      | Found a glowing silver altar of Zin.
  3825 | D:6      | Reached skill level 1 in Fighting
  3825 | D:6      | Reached XP level 6. HP: 31/34 MP: 2/9
  4022 | D:6      | Found a snail-covered altar of Cheibriados.
  4184 | D:6      | Received a gift from Nemelex Xobeh
  4225 | D:6      | Reached skill level 5 in Conjurations
  4284 | D:5      | Entered Level 5 of the Dungeon
  4384 | D:5      | Noticed a sky beast
  4441 | D:4      | Reached skill level 5 in Stealth
  4696 | D:4      | Reached XP level 7. HP: 38/40 MP: 7/10
  5008 | D:4      | Found a basalt altar of Yredelemnul.
  5076 | D:4      | Reached skill level 1 in Invocations
  5132 | D:4      | Reached ** piety under Nemelex Xobeh
  5580 | D:4      | Reached skill level 5 in Short Blades
  5699 | D:4      | Reached XP level 8. HP: 46/46 MP: 11/11
  6353 | D:5      | Found Uvawoeq's Weapon Emporium.
  6358 | D:5      | Received a gift from Nemelex Xobeh
  6682 | D:5      | Got a bloodstained robe
  6692 | D:5      | Identified the +2 robe of Xisouf {Dex+4} (You found it on
                  | level 5 of the Dungeon)
  6759 | D:5      | Reached *** piety under Nemelex Xobeh
  6789 | D:5      | Learned a level 4 spell: Fulminant Prism
  6995 | D:5      | Found a staircase to the Ecumenical Temple.
  7151 | D:6      | Found a radiant altar of Vehumet.
  7380 | D:6      | Reached skill level 6 in Conjurations
  7874 | D:7      | Reached XP level 9. HP: 51/51 MP: 8/12
  8119 | D:7      | Found a shadowy altar of Dithmenos.
  8121 | D:7      | Received a gift from Nemelex Xobeh
  8121 | D:7      | Found a glowing golden altar of the Shining One.
  8129 | D:7      | Found a shimmering altar of Xom.
  8260 | D:7      | Reached **** piety under Nemelex Xobeh
  8369 | D:7      | Found an ornate altar of the Wu Jian Council.
  8818 | D:8      | Reached skill level 5 in Hexes
  8851 | D:8      | Reached skill level 7 in Conjurations
  8851 | D:8      | Reached skill level 5 in Invocations
  9683 | D:8      | Found a white marble altar of Elyvilon.
  9696 | D:8      | Noticed a two-headed ogre
  9823 | D:8      | Found a blossoming altar of Fedhas.
  9969 | D:8      | Noticed Prince Ribbit
  9982 | D:8      | Killed Prince Ribbit
  9983 | D:8      | Reached skill level 8 in Conjurations
  9983 | D:8      | Reached XP level 10. HP: 25/56 MP: 6/14
 10360 | D:8      | Received a gift from Nemelex Xobeh
 11743 | D:8      | Killed a two-headed ogre
 11744 | D:8      | Reached skill level 9 in Conjurations
 12072 | D:9      | Noticed Maurice
 12092 | D:9      | Killed Maurice
 12322 | D:9      | Noticed Maggie
 12502 | D:9      | Killed from afar by Maggie

Illustrated notes

Levels and vault maps discovered:
D:1:      lemuel_arrival_river_ford, layout_loops_ring, minmay_pentomino_s2
D:2:      wad_woods_stonehenge, layout_loops_ring, lemuel_doored_altar,
          lemuel_crystal_altar, minmay_misc_feat_ornament
D:3:      layout_rooms, minmay_misc_feat_chi
D:4:      layout_layer_cave, kennysheep_mini_moat, serial_bayou,
          serial_bayou_pond_c, serial_bayou_pond_d, serial_bayou_pond_c,
          serial_bayou_crossing, minmay_misc_feat_tower
D:5:      layout_gridville, minmay_temple_entry_antechambers, serial_shops,
          shop_statue
D:6:      layout_gridville, marbit_many_paths, hangedman_feature_mirror
D:7:      layout_basic, kennysheep_little_box, grunt_temple_overflow_open
D:8:      layout_loops_cross, lemuel_round_altar, basic_altar,
          uniq_prince_ribbit1
D:9:      layout_gridville, minmay_starry_boxes, uniq_maggie, uniq_maurice

Skill      XL: |  1  2  3  4  5  6  7  8  9 10 |
---------------+-------------------------------+-----
Short Blades   | 1 2 3 4 5 |  5.7
Stealth        | 3 4 5 6 |  6.5
Hexes          | 1 2 3 4 6 8 |  8.3
Fighting       | 1 2 3 |  3.5
Conjurations   | 5 6 8 9 |  9.5
Invocations    | 1 3 6 |  6.0
Dodging        | |  2.4
Spellcasting   | |  2.1

Action                   |  1- 3 |  4- 6 |  7- 9 | 10-12 || total
-------------------------+-------+-------+-------+-------++-------
Melee: Unarmed           |     9 |     6 |       |       ||    15
       Club              |    11 |       |       |       ||    11
       Dagger            |    22 |    69 |    78 |    32 ||   201
 Cast: Magic Dart        |     5 |       |       |       ||     5
       Searing Ray       |    17 |    30 |    50 |    15 ||   112
       Dazzling Flash    |       |       |    10 |    10 ||    20
       Fulminant Prism   |       |       |     3 |     2 ||     5
  Use: Scroll            |       |    12 |     4 |     8 ||    24
       Potion            |       |     1 |     3 |       ||     4
 Stab: Sleeping          |     9 |    19 |    26 |     2 ||    56
       Distracted        |       |       |     3 |       ||     3
       Invisible         |       |       |     3 |     4 ||     7
Armor: Robe              |     9 |    22 |    33 |     2 ||    66
       Skin              |       |    14 |     4 |       ||    18
Dodge: Dodged            |    38 |    72 |   102 |    43 ||   255

Table legend: (Time is in decaauts)
 A = Elapsed time spent in this place.
 B = Non-inter-level travel time spent in this place.
 C = Inter-level travel time spent in this place.
 D = Time resting spent in this place.
 E = Time spent auto-exploring this place.
 F = Levels seen in this place.
 G = Mean time per level.
                   A        B        C        D        E       F      G
               +--------+--------+--------+--------+--------+-----+--------+
         Total |  12504 |  12224 |    280 |   2921 |   6902 |   9 | 1389.3 |
       Dungeon |  12504 |  12224 |    280 |   2921 |   6902 |   9 | 1389.3 |
               +--------+--------+--------+--------+--------+-----+--------+

Top non-repeatable levels by time:
     D:8: 2373 daAuts
     D:7: 1950 daAuts
     D:4: 1847 daAuts
     D:6: 1389 daAuts
     D:2: 1347 daAuts
     D:1: 1276 daAuts
     D:5: 1023 daAuts
     D:3: 653 daAuts
     D:9: 641 daAuts
